 Dungeon Crawl Stone Soup version 0.28.0-45-g0d030f2227 (webtiles) character file.

Game seed: 5292701948561331892

590 issech the Cudgeller (level 7, -4/67 HPs)
             Began as a Troll Monk on Apr 17, 2022.
             Slain by an ogre
             ... wielding a +0 giant club
              (22 damage)
             ... on level 5 of the Dungeon.
             The game lasted 00:11:58 (3819 turns).

issech the Cudgeller (Troll Monk)                   Turns: 3819, Time: 00:12:00

Health: -4/67      AC:  5    Str: 20    XL:     7   Next: 15%
Magic:  6/6        EV: 11    Int:  6    God:
Gold:   149        SH:  5    Dex: 14    Spells: 6/6 levels left

rFire   . . .      SeeInvis .   r - +0 flail
rCold   . . .      Faith    .   (no shield)
rNeg    . . .      Spirit   .   b - +1 robe
rPois   .          Reflect  +   (helmet restricted)
rElec   .          Harm     .   (no cloak)
rCorr   .          Rampage  .   (gloves unavailable)
Will    .....                   (boots unavailable)
Stlth   ++........              d - amulet of reflection
HPRegen 1.01/turn               (no ring)
MPRegen 0.10/turn               (no ring)

@: lethally poisoned (-4 -> -5)
A: large, unfitting armour, claws 3, regeneration 1, shaggy fur 1, tough skin 1
a: no special abilities


You were on level 5 of the Dungeon.
You visited 1 branch of the dungeon, and saw 5 of its levels.

You collected 149 gold pieces.

Inventory:

Hand Weapons
 a - a +0 mace
 e - a +0 vampiric dagger
 r - a +0 flail (weapon)
Missiles
 g - 108 stones (quivered)
 n - 4 datura-tipped darts
 s - 19 arrows
 t - 19 bolts
Armour
 b - a +1 robe (worn)
Jewellery
 d - an amulet of reflection (around neck)
Scrolls
 f - a scroll of identify
 i - a scroll of acquirement {unknown}
 u - a scroll of silence
Potions
 c - 2 potions of curing {unknown}
 h - a potion of berserk rage {unknown}
 j - 2 potions of degeneration {unknown}
 l - 2 potions of haste {unknown}
 m - a potion of cancellation {unknown}
 p - a potion of attraction {unknown}


   Skills:
 + Level 3.4 Fighting
 + Level 5.3 Maces & Flails
 + Level 0.6 Throwing
 + Level 4.1 Dodging
 + Level 1.4 Stealth
 + Level 1.4 Shields


You had 6 spell levels left.
You didn't know any spells.
Your spell library was empty.

Dungeon Overview and Level Annotations

Branches:
Dungeon (5/15)             Temple (0/1) D:5

Altars:

Shops:
D:2 [


Innate Abilities, Weirdness & Mutations

You are too large for most types of armour.
You have claws for hands.
Your natural rate of healing is unusually fast.
You are covered in fur. (AC +1)
You have tough skin. (AC +1)


Message History

The scorpion barely misses you.
A water moccasin comes into view.
Found 31 stones.
A phantom comes into view.
The water moccasin hisses angrily.
The water moccasin bites you but does no damage.
Found a smoking robe.
The phantom barely misses you. The scorpion misses you.
The water moccasin misses you.
The phantom hits you but does no damage.
The water moccasin closely misses you. The hound barely misses you.
The water moccasin barely misses you. The hound bites you but does no damage.
You hear the slow rusting of a drain very nearby.
The water moccasin misses you. The hound closely misses you.
An adder comes into view.
The adder hisses angrily.
The hound bites you. The water moccasin bites you.
You miss the adder. The hound closely misses you. You block the adder's attack.
The water moccasin bites you.
You barely miss the adder. The hound bites you. The adder barely misses you.
The water moccasin misses you. You block the scorpion's attack.
You block the hound's attack. You block the adder's attack.
The water moccasin barely misses you.
You thump the adder!
The adder is severely wounded.
The hound bites you but does no damage. The scorpion stings you.
You are poisoned.
The scorpion poisons you! The water moccasin barely misses you.
The adder closely misses you. The hound closely misses you.
The scorpion misses you.
You closely miss the adder.
The adder is severely wounded.
You feel very sick. The water moccasin bites you. The adder barely misses you.
The hound bites you.
* * * LOW HITPOINT WARNING * * *
The ogre hits you with a +0 giant club!!
You die...

*,,,,,** *,,,,*∩*,,,,,,,,*****,,
**,,,,,,***,,,,#≈#,,,,,,,,,,,**,,
,,,,,,,,,,,,,,,#≈#,,..,,,,,,,,,,,
*,,,,****,,,*,,#≈#,..,,,,,,,*,,,*
*,,,,,* **#,,,,#≈#..####,,,,*****
*,,,,,* *..**#≈#.....#,,,**
,,**,** *#.,*#≈#......,,,* **
,,*,,,** #.###S#......,*** *,
,,,**,.#####...W@s......** ***,
*,***,,........OhS......,* **,,,
,,,*****#......5Z.......,****,,,,
*,** ##...............,,,**,,,,
*,,* #.......l........,,,,***,,
*,,* ###...............,,,,****,
*,,*###...#.............,*,,,,**,
,,,*..#...#..........#..,*,,,>,,,
,,,,.....#...........#..,,,,,,,,*


You could see a phantom, a water moccasin, an ogre, a scorpion, an iguana, a
hound, an adder, a white imp and a bullfrog zombie.

Vanquished Creatures
  A necrophage (D:4)
  An ogre (D:5)
  A phantom (D:4)
  A scorpion (D:4)
  A hound (D:4)
  An orc priest (D:3)
  A bullfrog skeleton (D:4)
  2 orc wizards (D:3)
  A hound skeleton (D:4)
  3 adders
  An adder zombie (D:2)
  2 worms (D:2)
  3 dart slugs
  8 orcs (D:3)
  A bat skeleton (D:2)
  6 endoplasms
  7 giant cockroaches
  3 goblins
  6 hobgoblins
  7 jackals (D:1)
  6 kobolds
  3 quokkas
  9 ball pythons
  2 ball python zombies (D:2)
  7 bats
  4 frilled lizards
  A jackal zombie (D:2)
  8 rats
97 creatures vanquished.

Vanquished Creatures (others)
  4 withered plants (D:2)
4 creatures vanquished.

Grand Total: 101 creatures vanquished

Notes
Turn   | Place    | Note
-------+----------+-------------------------------------------
     0 | D:1      | issech the Troll Monk began the quest for the Orb.
     0 | D:1      | Reached XP level 1. HP: 22/22 MP: 0/0
    65 | D:1      | Reached XP level 2. HP: 29/29 MP: 1/1
   148 | D:1      | Reached skill level 3 in Maces & Flails
   202 | D:1      | Found a faded altar of an unknown god.
   414 | D:1      | Reached XP level 3. HP: 36/36 MP: 2/2
  1001 | D:2      | Found Aniujooz's Antique Armour Shoppe.
  1464 | D:2      | Reached XP level 4. HP: 44/44 MP: 3/3
  2183 | D:3      | Reached XP level 5. HP: 37/52 MP: 4/4
  2287 | D:3      | Reached skill level 4 in Maces & Flails
  2726 | D:4      | Reached skill level 1 in Shields
  2803 | D:4      | Noticed a phantom
  2826 | D:4      | Killed a phantom
  2827 | D:4      | Reached XP level 6. HP: 16/61 MP: 5/5
  3163 | D:3      | Reached skill level 5 in Maces & Flails
  3763 | D:5      | Entered Level 5 of the Dungeon
  3782 | D:5      | Reached XP level 7. HP: 12/67 MP: 6/6
  3819 | D:5      | Slain by an ogre

Illustrated notes

Levels and vault maps discovered:
D:1:      lightli_arrival_noodles, layout_loops_ring,
          hellmonk_ecumenical_altar_inner_sanctum
D:2:      layout_loops_ring, serial_shops, shop_statue, serial_undead,
          serial_undead_f, serial_undead_c, serial_undead_a, serial_undead_f
D:3:      cheibrodos_old_hovel, layout_loops_ring,
          chequers_serial_rivers_large_a
D:4:      layout_layer_cave
D:5:      layout_cave_pools, temple_green, portal_sewer_entry_d

Skill      XL: |  1  2  3  4  5  6 |
---------------+-------------------+-----
Maces & Flails | 3 4 5 |  5.3
Dodging        | 3 4 |  4.1
Fighting       | 3 |  3.4
Shields        | 1 |  1.4
Throwing       | |  0.6
Stealth        | |  1.4

Action                   |  1- 3 |  4- 6 |  7- 9 || total
-------------------------+-------+-------+-------++-------
Melee: Mace              |   156 |   118 |       ||   274
       Punch             |     2 |     4 |       ||     6
       Flail             |       |   144 |     4 ||   148
Throw: Stone             |     3 |    20 |       ||    23
  Use: Scroll            |       |     4 |       ||     4
 Stab: Sleeping          |     4 |     1 |       ||     5
Armor: Robe              |    58 |    76 |     4 ||   138
Dodge: Dodged            |    73 |   133 |    20 ||   226
Block: Other             |    37 |    67 |     7 ||   111
       Reflection        |       |     2 |     1 ||     3
